 Dungeon Crawl Stone Soup version 0.28-a0-563-gf77a47075d (webtiles) character file.

Game seed: 7992861201119505029

1149 omnomnOMINOUS the Skirmisher (level 8, -6/57 HPs)
             Began as an Octopode Wanderer on Sept 29, 2021.
             Was an Elder of Elyvilon.
             Mangled by an iguana (14 damage)
             ... on level 6 of the Dungeon.
             The game lasted 00:15:38 (7146 turns).

omnomnOMINOUS the Skirmisher (Octopode Wanderer)    Turns: 7146, Time: 00:15:38

Health: -6/57      AC:  1    Str: 11    XL:     8   Next: 38%
Magic:  15/15      EV: 14    Int: 18    God:    Elyvilon [****..]
Gold:   131        SH:  0    Dex: 10    Spells: 16/16 levels left

rFire   . . .      SeeInvis .   a - +1 whip (venom)
rCold   . . .      Faith    .   (no shield)
rNeg    . . .      Spirit   .   (helmet restricted)
rPois   .          Reflect  .   (no amulet)
rElec   .          Harm     .   (no ring)
rCorr   .          Rampage  .   (no ring)
Will    .....                   (no ring)
Stlth   ++++......              (no ring)
HPRegen 0.19/turn               (no ring)
MPRegen 0.14/turn               (no ring)
                                (no ring)
                                (no ring)

@: studying Stealth
A: almost no armour, amphibious, 8 rings, camouflage 1, gelatinous body 1,
(nimble swimmer 1), tentacles
a: Renounce Religion, Lesser Healing, Heal Other, Purification, Greater Healing,
Divine Protection


You were on level 6 of the Dungeon.
You worshipped Elyvilon.
Elyvilon was greatly pleased with you.
You visited 1 branch of the dungeon, and saw 6 of its levels.

You collected 131 gold pieces.

Inventory:

Hand Weapons
 a - a +1 whip of venom (weapon)
 b - a +0 vorpal mace
 c - a +0 dagger
Armour
 s - a +0 kite shield
Wands
 u - a wand of paralysis (12)
 x - a wand of charming (7)
 y - a wand of mindburst (12)
Scrolls
 f - 2 scrolls of identify {unknown}
 g - 7 scrolls of teleportation {unknown}
 h - 3 scrolls of magic mapping {unknown}
 j - 2 scrolls of fog {unknown}
 k - a scroll of brand weapon {unknown}
 m - a scroll of fear {unknown}
 n - a scroll of silence {unknown}
 r - a scroll of holy word {unknown}
 t - a scroll of enchant armour {unknown}
 v - a scroll of blinking
Potions
 d - 5 potions of lignification
 e - a potion of heal wounds
 i - a potion of curing
 l - 2 potions of attraction {unknown}
 o - a potion of ambrosia {unknown}
 p - a potion of mutation {unknown}
 q - a potion of might {unknown}
 w - a potion of magic {unknown}


   Skills:
 + Level 5.9 Fighting
 + Level 5.5 Dodging
 - Level 5.3 Stealth
 - Level 1.0 Shields
 - Level 1.0 Unarmed Combat
 + Level 4.9 Spellcasting
 - Level 1.1 Evocations


You had 16 spell levels left.
You didn't know any spells.
Your spell library contained the following spells:

 Spells                   Type           Power      Damage    Failure   Level
 Beastly Appendage        Tmut           8%         N/A       14%         1
 Wereblood                Tmut           4%         N/A       21%         2
 Spider Form              Tmut/Pois      2%         N/A       38%         3
 Agony                    Necr           4%         N/A       98%         5
 Summon Mana Viper        Hex/Summ       4%         N/A       98%         5
 Dragon's Call            Summ           2%         N/A       100%        9


Dungeon Overview and Level Annotations

Branches:
Dungeon (6/15)
 Temple: D:4-7

Altars:
Elyvilon
Kikubaaqudgha
Qazlal

Annotations:
D:4 2 transporters, exclusion: 4 gnolls
D:5 exclusion: water moccasin


Innate Abilities, Weirdness & Mutations

You cannot wear most types of armour.
You are amphibious.
You can wear up to eight rings at the same time.
Your skin changes colour to match your surroundings (Stealth+).
Your rubbery body absorbs attacks. (AC +1, EV +1)
((You are camouflaged near water. (Stealth+)))
You have tentacles for arms and can constrict up to eight enemies at once.


Message History

You kill the bullfrog!
The water moccasin bites you.
You closely miss the water moccasin. Your grab misses the water moccasin.
The water moccasin closely misses you.
You closely miss the water moccasin. Your grab misses the water moccasin.
Your squeeze misses the water moccasin. The water moccasin bites you! x2
You are poisoned.
The water moccasin poisons you!
You hit the water moccasin. Your grab misses the water moccasin.
The water moccasin is lightly wounded.
You feel very sick. The water moccasin closely misses you.
You hit the water moccasin. Your grab misses the water moccasin.
You squeeze the water moccasin!
The water moccasin is severely wounded.
You feel very sick.
The water moccasin bites you but does no damage.
The water moccasin barely misses you.
You feel better. The water moccasin bites you.
You hit the water moccasin but do no damage.
You grab the water moccasin. You squeeze the water moccasin.
The water moccasin is severely wounded.
You constrict the water moccasin. The water moccasin closely misses you.
The water moccasin barely misses you.
You hit the water moccasin. You squeeze the water moccasin.
You kill the water moccasin!
You completely miss the iguana. You grab the iguana.
You constrict the iguana, but do no damage.
The iguana bites you!
You barely miss the iguana. Your squeeze misses the iguana.
You constrict the iguana, but do no damage.
The iguana bites you.
You hit the iguana.
The iguana is poisoned.
The iguana is lightly wounded.
You constrict the iguana. The iguana bites you!
* * * LOW HITPOINT WARNING * * *
You hit the iguana.
The iguana looks as sick as possible!
The iguana is moderately wounded.
You constrict the iguana! The iguana bites you!
You die...

..###......##
..##........# .#
#........## ##### .#
#.........## #....#
####..........# ......
..............## #......
...............## .......
#####...........##.......
#...........@l.......
##......###.##.......
######## ### #......
...... #.... ####


You could see an iguana (extremely poisoned).

Vanquished Creatures
  2 water moccasins (D:6)
  2 ogres
  A bullfrog (D:6)
  4 scorpions
  A water moccasin zombie (D:6)
  A bullfrog zombie (D:5)
  A bullfrog skeleton (D:3)
  A centaur skeleton (D:4)
  2 iguanas (D:5)
  Natasha (thrice) (D:3)
  3 gnolls
  8 adders
  An ufetubus (D:5)
  An adder zombie (D:5)
  4 worms
  A dart slug (D:2)
  5 orcs
  8 bats
  5 endoplasms
  4 giant cockroaches
  4 goblins
  4 hobgoblins
  A jackal (D:2)
  6 quokkas
  8 ball pythons
  4 frilled lizards
  11 kobolds
  9 rats
105 creatures vanquished.

Notes
Turn   | Place    | Note
-------+----------+-------------------------------------------
     0 | D:1      | omnomnOMINOUS the Octopode Wanderer began the quest for the
                  | Orb.
     0 | D:1      | omnomnOMINOUS set off with the following items: a +0
                  | falchion, a potion of heal wounds, a scroll of blinking, a
                  | potion of lignification, a +0 dagger
     0 | D:1      | Reached XP level 1. HP: 14/14 MP: 1/1
   329 | D:1      | Reached XP level 2. HP: 12/19 MP: 2/2
   599 | D:1      | Found a faded altar of an unknown god.
   749 | D:1      | Became a worshipper of Elyvilon the Healer
   749 | D:1      | Reached * piety under Elyvilon
   859 | D:2      | Got the Incunabulum of the Unstoppable Allies
   878 | D:2      | Reached skill level 1 in Spellcasting
  1281 | D:2      | Reached XP level 3. HP: 21/25 MP: 4/4
  1725 | D:2      | Reached XP level 4. HP: 24/30 MP: 6/6
  2072 | D:2      | Reached ** piety under Elyvilon
  2706 | D:3      | Reached XP level 5. HP: 36/36 MP: 8/8
  3097 | D:3      | Found a stormy altar of Qazlal.
  3222 | D:3      | Noticed Natasha
  3229 | D:3      | Killed Natasha
  3386 | D:3      | Noticed Natasha
  3394 | D:3      | Killed Natasha
  3753 | D:3      | Noticed Natasha
  3759 | D:3      | Killed Natasha
  3760 | D:3      | Reached XP level 6. HP: 21/43 MP: 8/10
  3942 | D:3      | Reached *** piety under Elyvilon
  4207 | D:4      | Found a transporter.
  4213 | D:4      | Found a transporter.
  5269 | D:5      | Entered Level 5 of the Dungeon
  5298 | D:5      | Noticed a water moccasin
  5358 | D:5      | Reached XP level 7. HP: 32/49 MP: 12/12
  5609 | D:5      | Reached **** piety under Elyvilon
  5911 | D:5      | Found an ancient bone altar of Kikubaaqudgha.
  5930 | D:5      | Reached skill level 5 in Fighting
  6810 | D:6      | Reached skill level 5 in Dodging
  6810 | D:6      | Reached XP level 8. HP: 37/56 MP: 14/14
  7146 | D:6      | Mangled by an iguana

Illustrated notes

Levels and vault maps discovered:
D:1:      dpeg_arrival_round_b, layout_basic, shapermc_ecumenical_altar_venn
D:2:      minmay_angry_zag, layout_rooms, minmay_nonomino_d4
D:3:      layout_basic, grunt_qazlal_clouds, uniq_natasha
D:4:      gammafunk_wand_slinger, layout_layer_cave
D:5:      layout_cave_pools, general_overflow_altar
D:6:      layout_cave_pods

Skill      XL: |  1  2  3  4  5  6  7 |
---------------+----------------------+-----
Spellcasting   | 1 2 3 4 |  4.9
Dodging        | 2 3 4 5 |  5.5
Fighting       | 3 4 5 |  5.9
Stealth        | |  5.3
Shields        | |  1.0
Unarmed Combat | |  1.0
Evocations     | |  1.1

Action                   |  1- 3 |  4- 6 |  7- 9 || total
-------------------------+-------+-------+-------++-------
Melee: Falchion          |    68 |   134 |       ||   202
       Constrict         |    18 |    37 |    16 ||    71
       Tentacles         |    10 |    28 |    13 ||    51
       Punch             |       |     1 |       ||     1
       Whip              |       |     8 |    62 ||    70
  Use: Potion            |       |     1 |     1 ||     2
 Stab: Sleeping          |     9 |     9 |     4 ||    22
       Distracted        |       |     2 |       ||     2
Armor: Skin              |    10 |    14 |     3 ||    27
Dodge: Dodged            |    55 |   108 |    33 ||   196

Table legend: (Time is in decaauts)
 A = Elapsed time spent in this place.
 B = Non-inter-level travel time spent in this place.
 C = Inter-level travel time spent in this place.
 D = Time resting spent in this place.
 E = Time spent auto-exploring this place.
 F = Levels seen in this place.
 G = Mean time per level.
                   A        B        C        D        E       F      G
               +--------+--------+--------+--------+--------+-----+--------+
         Total |   7223 |   7065 |    158 |   2373 |   3563 |   6 | 1203.8 |
       Dungeon |   7223 |   7065 |    158 |   2373 |   3563 |   6 | 1203.8 |
               +--------+--------+--------+--------+--------+-----+--------+

Top non-repeatable levels by time:
     D:2: 1602 daAuts
     D:4: 1476 daAuts
     D:3: 1460 daAuts
     D:5: 1225 daAuts
     D:1: 1021 daAuts
     D:6: 437 daAuts
